 Dungeon Crawl Stone Soup version 0.24.0-1-gfbc8707 (webtiles) character file.

Game seed: 16683086634408082276, levelgen mode: deterministic

2594 Buxparty the Cleaver (level 9, -6/68 HPs)
             Began as a Mummy Fighter on Jan 8, 2020.
             Was an Initiate of Gozag.
             Mangled by an orc warrior
             ... wielding a cursed -1 scimitar
              (14 damage)
             ... on level 7 of the Dungeon.
             The game lasted 00:20:51 (7490 turns).

Buxparty the Cleaver (Mummy Fighter)                Turns: 7490, Time: 00:20:51

Health: -6/68      AC: 15    Str: 27    XL:     9   Next: 33%
Magic:  0/9        EV:  5    Int:  8    God:    Gozag
Gold:   1155       SH:  9    Dex: 13    Spells: 8/8 levels left

rFire    x . .     SeeInvis .   a - +0 war axe
rCold    + . .     Gourm    .   c - +0 shield
rNeg     + + +     Faith    .   w - +0 plate armour
rPois    ∞         Spirit   +   (no helmet)
rElec    .         Reflect  .   n - +0 cloak
rCorr    .         Harm     .   (no gloves)
MR       +....                  t - +0 pair of boots
Stlth    ..........             g - amulet of guardian spirit
HPRegen  0.21/turn              h - +2 ring of dexterity
MPRegen  0.11/turn              r - +5 ring of strength

@: no status effects
A: no food or potions, fire vulnerability, cold resistance 1, negative energy
resistance 3, torment resistance, unbreathing
a: Potion Petition, Call Merchant, Bribe Branch, Renounce Religion


You were on level 7 of the Dungeon.
You worshipped Gozag.
Gozag was most pleased with you.
You were not hungry.

You visited 1 branch of the dungeon, and saw 7 of its levels.

You collected 1196 gold pieces.
You paid 41 gold pieces to Gozag.

Inventory:

Hand Weapons
 a - a +0 war axe (weapon)
Missiles
 o - 47 poisoned darts (quivered)
Armour
 b - a +0 scale mail
 c - a +0 shield (worn)
 n - a +0 cloak (worn)
 t - a +0 pair of boots (worn)
 w - a +0 plate armour (worn)
Jewellery
 g - an amulet of guardian spirit (around neck)
 h - a +2 ring of dexterity (left hand)
 r - a +5 ring of strength (right hand)
 x - an uncursed ring of stealth
Wands
 j - a wand of enslavement (7)
 s - a wand of iceblast (6)
 y - a wand of paralysis (9)
 z - a wand of flame (23)
 A - a wand of digging (4)
Scrolls
 d - 2 scrolls of enchant armour {unknown}
 e - 4 scrolls of fear {unknown}
 f - 2 scrolls of immolation {unknown}
 i - 9 scrolls of identify {unknown}
 k - 7 scrolls of remove curse
 l - 10 scrolls of teleportation
 m - 2 scrolls of fog {unknown}
 p - 2 scrolls of enchant weapon {unknown}
 q - 3 scrolls of magic mapping {unknown}
 u - a scroll of amnesia {unknown}
 v - 2 scrolls of random uselessness {unknown}


   Skills:
 + Level 5.2 Fighting
 * Level 8.4 Axes
 + Level 6.2 Armour
 - Level 2.4 Shields


You had 8 spell levels left.
You didn't know any spells.
Your spell library was empty.

Dungeon Overview and Level Annotations

Branches:
Dungeon (7/15)             Temple (0/1) D:4

Altars:
Ashenzari
Cheibriados
Elyvilon
Fedhas
Gozag
Kikubaaqudgha
Nemelex Xobeh
Qazlal
Uskayaw
Vehumet
Wu Jian
Xom
Yredelemnul

Annotations:
D:3 Sigmund


Innate Abilities, Weirdness & Mutations

You do not eat or drink.
Your flesh is vulnerable to fire.
You are immune to poison.
Your flesh is cold resistant. (rC+)
You are immune to negative energy. (rN+++)
You are immune to unholy pain and torment.
You can survive without breathing.


Message History

The orc warrior hits you but does no damage.
The orc priest invokes the aid of Beogh against you.
Beogh smites you!
* * * LOW HITPOINT WARNING * * *
You closely miss the orc warrior.
The orc warrior is lightly wounded.
A centaur comes into view.
You block the orc warrior's attack.
You slash the orc warrior!
The orc warrior is moderately wounded.
The orc warrior barely misses you.
You hit the orc warrior but do no damage.
The orc warrior is moderately wounded.
The orc warrior hits you with a cursed -1 scimitar!
* * * LOW HITPOINT WARNING * * *
Your plate armour prevents you from hitting the orc warrior.
The orc warrior is moderately wounded.
The orc warrior hits you with a cursed -1 scimitar!
You die...
Your body crumbles into a pile of gold.

>..............#
.#############.#.#
.#...........#.#.#
.#.#########.#.#[#<..#
.#.#########.#.#.#<.o#
...............#.#.o.#
.#.#########...#.#<..#
^#(# #.#.#.#...# '#[#
#.#.#@#...# ...#
#.#.#o#...# ...#
#.#.#o.%o.#
...#########.#..###..#
.#...................#
.###########.#..###.##
.............#...#
#####......###.#.##.
....'(.....'.......>


You could see an orc warrior and an orc priest.

Vanquished Creatures
  A hippogriff (D:7)
  A sky beast (D:4)
  A black bear (D:7)
  3 orc warriors
  2 ogres
  A phantom (D:7)
  4 centaurs
  A big kobold (D:7)
  A wyvern zombie (D:6)
  3 bullfrogs (D:6)
  A vampire bat (D:6)
  2 crimson imps
  A centaur zombie (D:7)
  A bullfrog skeleton (D:7)
  7 orc wizards
  7 orc priests
  2 hounds
  3 iguanas
  4 worker ants
  A killer bee zombie (D:5)
  A hound zombie (D:7)
  A hound skeleton (D:6)
  4 gnolls
  4 adders
  A shadow imp (D:3)
  2 oozes
  An adder skeleton (D:4)
  An adder zombie (D:5)
  2 worms
  A dart slug (D:4)
  5 leopard geckos
  20 orcs
  8 bats
  3 bat skeletons (D:6)
  3 bat zombies (D:6)
  6 giant cockroaches
  4 goblins
  6 hobgoblins
  5 jackals
  A quokka (D:6)
  3 ball pythons
  2 frilled lizards
  14 kobolds
  A leopard gecko zombie (D:5)
  4 rats
150 creatures vanquished.

Notes
Turn   | Place    | Note
-------+----------+-------------------------------------------
     0 | D:1      | Buxparty the Mummy Fighter began the quest for the Orb.
     0 | D:1      | Reached XP level 1. HP: 18/18 MP: 1/1
    69 | D:1      | Reached skill level 2 in Axes
   147 | D:1      | Reached XP level 2. HP: 24/24 MP: 2/2
   441 | D:1      | Reached XP level 3. HP: 21/29 MP: 3/3
   719 | D:2      | Found a radiant altar of Vehumet.
   977 | D:2      | Found an opulent altar of Gozag.
   984 | D:2      | Became a worshipper of Gozag Ym Sagoz the Greedy
  1015 | D:2      | Found a white marble altar of Elyvilon.
  1088 | D:2      | Found a basalt altar of Yredelemnul.
  1148 | D:2      | Found a faded altar of an unknown god.
  1232 | D:2      | Reached skill level 3 in Axes
  1384 | D:2      | Found an ornate altar of the Wu Jian Council.
  1385 | D:2      | Found a stormy altar of Qazlal.
  1386 | D:2      | Found a snail-covered altar of Cheibriados.
  1386 | D:2      | Found a shattered altar of Ashenzari.
  1721 | D:3      | Reached XP level 4. HP: 35/35 MP: 4/4
  1931 | D:3      | Noticed Sigmund
  2472 | D:4      | Found a shimmering altar of Xom.
  2473 | D:4      | Found a shimmering altar of Xom.
  2473 | D:4      | Found a shimmering altar of Xom.
  2474 | D:4      | Found a shimmering altar of Xom.
  2482 | D:4      | Found a shimmering altar of Xom.
  2510 | D:4      | Found a staircase to the Ecumenical Temple.
  2516 | D:4      | Reached XP level 5. HP: 39/41 MP: 5/5
  2784 | D:4      | Found a blossoming altar of Fedhas.
  3042 | D:5      | Entered Level 5 of the Dungeon
  3053 | D:5      | Reached skill level 4 in Axes
  3139 | D:4      | HP: 1/41 [iguana (9)]
  3468 | D:5      | Noticed a sky beast
  3477 | D:4      | Killed a sky beast
  3477 | D:4      | Reached XP level 6. HP: 6/47 MP: 0/6
  4077 | D:4      | Reached skill level 5 in Axes
  4163 | D:5      | Reached XP level 7. HP: 22/52 MP: 4/7
  5068 | D:5      | Reached skill level 6 in Axes
  5252 | D:5      | Reached skill level 5 in Armour
  5258 | D:5      | Reached XP level 8. HP: 35/58 MP: 4/8
  5401 | D:5      | Found a sparkling altar of Nemelex Xobeh.
  5940 | D:6      | Reached skill level 7 in Axes
  6374 | D:6      | Found an ancient bone altar of Kikubaaqudgha.
  6431 | D:7      | Noticed a +0 hand axe
  6432 | D:7      | Noticed a +0 dagger
  6435 | D:7      | Found a hide-covered altar of Uskayaw.
  6957 | D:7      | Noticed a hippogriff
  6968 | D:7      | Killed a hippogriff
  6968 | D:7      | Reached skill level 8 in Axes
  6968 | D:7      | Reached XP level 9. HP: 18/66 MP: 4/9
  7089 | D:7      | Reached skill level 5 in Fighting
  7490 | D:7      | Mangled by an orc warrior

Levels and vault maps discovered:
D:1:      psy_arrival_terrarium, layout_loops_cross, st_stairs_2
D:2:      layout_basic, kennysheep_ying_yang, vehumet_crystals,
          grunt_gozag_statues, chequers_temple_overflow_statue_of_worship,
          first_ration, chequers_ecumenical_altar_grove
D:3:      layout_rooms, uniq_sigmund
D:4:      layout_cave_pools, xom_redecorated, fedhas_altar_1,
          minmay_temple_entry_glass
D:5:      layout_cave_pools, nemelex_xobeh_ov_fountains_minmay
D:6:      layout_loops_ring, kennysheep_vampire_church
D:7:      layout_basic, dancing_weapons_uskayaw

Skill      XL: |  1  2  3  4  5  6  7  8  9 |
---------------+----------------------------+-----
Axes           | 2 3 4 5 6 8 |  8.4
Armour         | 3 4 5 6 |  6.2
Fighting       | 4 5 |  5.2
Shields        | |  2.4

Action                   |  1- 3 |  4- 6 |  7- 9 || total
-------------------------+-------+-------+-------++-------
Melee: War axe           |   100 |   178 |   320 ||   598
Throw: Dart              |       |     5 |    51 ||    56
  Use: Scroll            |       |       |     2 ||     2
 Stab: Distracted        |       |     1 |     1 ||     2
Armor: Scale mail        |    56 |    80 |    27 ||   163
       Plate armour      |       |       |   182 ||   182
Dodge: Dodged            |    36 |    65 |    72 ||   173
Block: Shield            |    66 |   100 |   194 ||   360
